 Dungeon Crawl Stone Soup version 0.22.1-2-g9c5b331383 (webtiles) character file.

160 McIrco the Sneak (level 5, -3/37 HPs)
             Began as a Vampire Enchanter on Jan 5, 2019.
             Slain by a river rat (6 damage)
             ... in a sewer.
             The game lasted 00:08:37 (2855 turns).

McIrco the Sneak (Vampire Enchanter)                Turns: 2855, Time: 00:08:37

Health: -3/37      AC:  2    Str:  7    XL:     5   Next: 17%
Magic:  1/8        EV: 10    Int: 17    God:
Gold:   60         SH: 10    Dex: 16    Spells: 6/9 levels left

rFire    + . .     SeeInvis +   a - +1 dagger
rCold    + . .     Gourm    .   o - +3 shield
rNeg     + + +     Faith    .   b - +0 robe
rPois    ∞         Spirit   .   (no helmet)
rElec    .         Reflect  .   (no cloak)
rCorr    .         Harm     .   (no gloves)
MR       .....                  (no boots)
Stlth    +++++.....             (no amulet)
HPRegen  0.00/turn              f - ring of fire
MPRegen  0.11/turn              (no ring)

@: very slightly contaminated, bloodless, non-regenerating, hasted, very quick
A: fangs 3, see invisible, unbreathing
a: Bat Form


You were in a sewer.
You were bloodless.

You visited 1 branch of the dungeon, and saw 3 of its levels.
You also visited: Sewer.

You collected 60 gold pieces.

Inventory:

Hand Weapons
 a - a +1 dagger (weapon)
Missiles
 e - 8 javelins of penetration (quivered)
 h - 8 silver tomahawks
Armour
 b - a +0 robe (worn)
 o - a +3 shield (worn)
Jewellery
 f - a ring of fire (left hand)
Scrolls
 g - 2 scrolls of teleportation
 i - 3 scrolls of enchant armour
 m - 2 scrolls of magic mapping
 n - a scroll of remove curse {unknown}
Potions
 c - a potion of curing
 d - 6 potions of blood


   Skills:
 + Level 1.0 Fighting
 + Level 2.7 Short Blades
 + Level 2.5 Dodging
 + Level 6.2 Stealth
 * Level 1.0 Shields
 + Level 2.6 Spellcasting
 + Level 4.9 Hexes
 + Level 0.2 Ice Magic


You had 6 spell levels left.
You knew the following spells:

 Your Spells              Type           Power        Failure   Level  Hunger
a - Corona                Hex            ###....      16%         1    #......
b - Ensorcelled Hibernat  Hex/Ice        ##....       52%         2    ##.....

Your spell library contained the following spells:

 Spells                   Type           Power        Failure   Level  Hunger
 Confuse                  Hex            ###.....     41%         3    ###....
 Tukima's Dance           Hex            ###.....     41%         3    ###....
 Dazzling Spray           Conj/Hex       ##....       77%         3    ###....


Dungeon Overview and Level Annotations

Branches:
Dungeon (3/15)

Altars:


Innate Abilities, Weirdness & Mutations

You do not heal naturally.
You are immune to poison.
You have razor-sharp teeth.
You have supernaturally acute eyesight. (SInv)
You can survive without breathing.


Message History

The river rat is lightly wounded.
The river rat bites you.
You closely miss the river rat.
The river rat is lightly wounded.
You closely miss the river rat.
The river rat is lightly wounded.
You block the river rat's attack.
You barely miss the river rat. Your bite misses the river rat.
The river rat is lightly wounded.
The river rat bites you.
You completely miss the river rat. Your bite misses the river rat.
The river rat is lightly wounded.
You hit the river rat.
The river rat is moderately wounded.
The river rat bites you!
* * * LOW HITPOINT WARNING * * *
You hit the river rat.
The river rat is heavily wounded.
The river rat bites you.
You die...

##### #∩..## #####
###..#####rr@# ###
##..##...######...###
#.......#####...r....
.............##..........
.............r...........
....................≈≈..≈.
..................≈..≈≈≈≈≈
.≈≈≈.......≈≈≈≈≈≈≈≈≈≈≈≈≈≈≈
≈≈≈.≈..≈.≈≈≈≈≈≈≈≈≈≈≈≈≈≈≈≈≈


You could see a river rat and a rat.

Vanquished Creatures
  An orc priest (D:2)
  Jessica (D:2)
  Robin (D:2)
  2 adders
  2 river rats
  2 worms
  2 leopard geckos
  6 orcs
  A giant cockroach (D:1)
  8 goblins
  6 hobgoblins
  A quokka (D:2)
  4 bats (D:1)
  3 frilled lizards
  A kobold (D:2)
  7 rats
48 creatures vanquished.

Notes
Turn   | Place    | Note
-------+----------+-------------------------------------------
     0 | D:1      | McIrco the Vampire Enchanter began the quest for the Orb.
     0 | D:1      | Reached XP level 1. HP: 13/13 MP: 3/3
   587 | D:1      | Reached XP level 2. HP: 18/19 MP: 5/5
   593 | D:1      | Learned a level 2 spell: Ensorcelled Hibernation
   763 | D:1      | You fall through a shaft!
   820 | D:2      | Reached skill level 5 in Stealth
  1071 | D:2      | Reached XP level 3. HP: 24/24 MP: 1/6
  1325 | D:2      | Noticed Robin
  1363 | D:2      | Reached XP level 4. HP: 12/30 MP: 7/7
  1919 | D:2      | Noticed Jessica
  1928 | D:2      | Killed Jessica
  2025 | D:2      | Reached skill level 6 in Stealth
  2230 | D:2      | Killed Robin
  2786 | D:3      | Reached XP level 5. HP: 16/36 MP: 8/8
  2790 | D:3      | Reached skill level 1 in Fighting
  2795 | D:3      | Found a glowing drain.
  2801 | Sewer    | Entered a sewer
  2840 | Sewer    | Reached skill level 1 in Shields
  2855 | Sewer    | Slain by a river rat

Skill      XL: |  1  2  3  4  5 |
---------------+----------------+-----
Stealth        | 5 6 |  6.2
Short Blades   | 2 |  2.7
Fighting       | 1 |  1.0
Shields        | 1 |  1.0
Dodging        | |  2.5
Spellcasting   | |  2.6
Hexes          | |  4.9
Ice Magic      | |  0.2

Action                   |  1- 3 |  4- 6 || total
-------------------------+-------+-------++-------
Melee: Dagger            |    70 |   101 ||   171
       Bite              |     4 |    10 ||    14
 Cast: Corona            |     7 |       ||     7
       Ensorcelled Hiber |     4 |     7 ||    11
  Use: Scroll            |       |     5 ||     5
       Potion            |       |     3 ||     3
 Stab: Sleeping          |    12 |    11 ||    23
Armor: Robe              |    10 |     3 ||    13
Dodge: Dodged            |    36 |    21 ||    57
Block: Shield            |       |    34 ||    34
